 Dungeon Crawl Stone Soup version 0.28.0-43-g3370ac3207 (console) character file.

Game seed: 16899372289185970495

48 aoei the Shield-Bearer (level 3, 0/34 HPs)
             Began as a Deep Dwarf Fighter on Mar 2, 2022.
             Succumbed to a kobold's poison
             ... on level 2 of the Dungeon.
             The game lasted 00:01:58 (760 turns).

aoei the Shield-Bearer (Deep Dwarf Fighter)          Turns: 760, Time: 00:01:58

Health: 0/34       AC:  6    Str: 21    XL:     3   Next: 50%
Magic:  3/3        EV:  9    Int:  8    God:
Gold:   35         SH:  4    Dex: 12    Spells: 2/2 levels left

rFire   . . .      SeeInvis .   a - +0 war axe
rCold   . . .      Faith    .   c - +0 buckler
rNeg    . . .      Spirit   .   b - +0 scale mail
rPois   .          Reflect  .   (no helmet)
rElec   .          Harm     .   (no cloak)
rCorr   .          Rampage  .   (no gloves)
Will    .....                   (no boots)
Stlth   ..........              (no amulet)
HPRegen 0.00/turn               (no ring)
MPRegen 0.08/turn               (no ring)

@: lethally poisoned (0 -> -14)
A: damage resistance, heal wounds, sense surroundings 1, no regeneration
a: Heal Wounds


You were on level 2 of the Dungeon.
You visited 1 branch of the dungeon, and saw 2 of its levels.

You collected 35 gold pieces.


Innate Abilities, Weirdness & Mutations

You are resistant to damage.
You can heal yourself by infusing magical energy.
You passively map a small area around you.
You do not regenerate.


   Skills:
 + Level 3.0 Fighting
 * Level 3.2 Axes
 + Level 3.6 Armour
 + Level 3.6 Shields


You had 2 spell levels left.
You didn't know any spells.
Your spell library was empty.

Inventory:

Hand Weapons
 a - a +0 war axe (weapon)
Missiles
 k - 3 datura-tipped darts (quivered)
Armour
 b - a +0 scale mail (worn)
 c - a +0 buckler (worn)
Jewellery
 i - an amulet of reflection
Scrolls
 f - a scroll of magic mapping {unknown}
 h - a scroll of enchant weapon {unknown}
 j - 2 scrolls of identify {unknown}
 m - a scroll of enchant armour {unknown}
 n - a scroll of noise {unknown}
 o - a scroll of acquirement {unknown}
Potions
 d - a potion of might
 e - a potion of experience {unknown}
 g - 4 potions of flight {unknown}
 l - a potion of cancellation {unknown}

Dungeon Overview and Level Annotations

Branches:
Dungeon (2/15)

Altars:
Yredelemnul

▒················▒▒·······▒
▒▒·······☗·······▒▒▒▒▒·▒▒▒▒
▒···········▒▒▒▒▒
▒▒▒·▒·······▒
▒▒▒▒·▒▒▒▒▒▒▒▒▒ ▒·······▒
▒·▒▒·▒▒‰▒ ▒▒▒ ░ ▒◦ ▒·▒▒·▒▒
·· ◦ < ▒·····▒ ░·▒ ░░·◦
░·▒▒▒▒▒··▒▒▒▒▒▒K▒▒···· ░
·············@)···▒
▒▒▒▒▒▒▒▒▒▒▒▒▒▒·▒▒▒▒ ◦ ··· ◦
▒▒▒▒


You could see a kobold.


Message History

You are poisoned.
A kobold comes into view. It is wielding a +2 dagger of venom.
You barely miss the kobold.
The kobold shouts!
The kobold barely misses you.
You miss the kobold.
The kobold hits you with a +4 dagger of venom.
You are more poisoned.
You miss the kobold. x2; The kobold completely misses you.
The kobold hits you with a +2 dagger of venom.
You are more poisoned.
The kobold hits you but does no damage.
You are more poisoned.
The kobold hits you with a +2 dagger of venom.
You are more poisoned.
You closely miss the kobold. x2
You feel extremely sick. You block the kobold's attack.
The kobold hits you with a +2 dagger of venom.
* * * LOW HITPOINT WARNING * * *
You are lethally poisoned!
You are too injured to fight recklessly!
You are too injured to fight recklessly!
You are too injured to fight recklessly!
You are too injured to fight recklessly!
You are too injured to fight recklessly!
You slash the kobold!
You kill the kobold!
You hit the kobold.
You die...

Skill      XL: |  1  2  3 |
---------------+----------+-----
Axes           | 3 |  3.2
Fighting       | 3 |  3.0
Armour         | |  3.6
Shields        | |  3.6

Action                   || total
-------------------------++-------
Melee: War axe           ||    86
Armor: Scale mail        ||    50
Dodge: Dodged            ||    50
Block: Buckler           ||    25

Levels and vault maps discovered:
D:1:      mrwooster_arrival_statue_2, layout_basic, kennysheep_crisscross,
          minmay_vboxes
D:2:      layout_loops_cross, basic_altar

Notes
Turn   | Place    | Note
-------+----------+-------------------------------------------
     0 | D:1      | aoei the Deep Dwarf Fighter began the quest for the Orb.
     0 | D:1      | Reached XP level 1. HP: 20/20 MP: 1/1
   113 | D:1      | Reached XP level 2. HP: 27/27 MP: 2/2
   475 | D:1      | Reached skill level 3 in Axes
   511 | D:1      | Reached XP level 3. HP: 26/33 MP: 3/3
   523 | D:1      | Reached skill level 3 in Fighting
   713 | D:2      | Found a basalt altar of Yredelemnul.
   760 | D:2      | Succumbed to a kobold's poison

Vanquished Creatures
  An adder (D:2)
  A dart slug (D:1)
  6 ball pythons
  3 endoplasms (D:1)
  3 giant cockroaches
  A hobgoblin (D:1)
  4 jackals (D:1)
  6 bats (D:1)
  2 frilled lizards (D:1)
  6 kobolds
  3 rats (D:1)
36 creatures vanquished.

Table legend: (Time is in decaauts)
 A = Elapsed time spent in this place.
 B = Non-inter-level travel time spent in this place.
 C = Inter-level travel time spent in this place.
 D = Time resting spent in this place.
 E = Time spent auto-exploring this place.
 F = Levels seen in this place.
 G = Mean time per level.
                   A        B        C        D        E       F      G
               +--------+--------+--------+--------+--------+-----+--------+
         Total |    793 |    766 |     27 |      0 |    532 |   2 |  396.5 |
       Dungeon |    793 |    766 |     27 |      0 |    532 |   2 |  396.5 |
               +--------+--------+--------+--------+--------+-----+--------+

Top non-repeatable levels by time:
     D:1: 599 daAuts
     D:2: 193 daAuts

Table legend:
 A = Non-vault XP
 B = Vault XP
 C = Vault XP percentage of total XP
 D = Non-vault monster count
 E = Vault monster count
 F = Vault count percentage of total count
                 A         B        C        D         E       F
            +---------+---------+-------+---------+---------+-------
      Total |      62 |       8 |  11.4 |      31 |       5 |  13.9
            +---------+---------+-------+---------+---------+-------
        D:1 |      40 |       8 |  16.7 |      24 |       5 |  17.2
        D:2 |      22 |       0 |   0.0 |       7 |       0 |   0.0
            +---------+---------+-------+---------+---------+-------
